 Dungeon Crawl Stone Soup version 0.23.2-33-g5129a83184 (webtiles) character file.

Game seed: 8900706489930893253

16166 Gwenloh the Grappler (level 12, -1/118 HPs)
             Began as a Troll Fighter on July 13, 2019.
             Was a High Priest of Elyvilon.
             Slain by a spiny frog (21 damage)
             ... on level 4 of the Lair of Beasts.
             The game lasted 00:43:38 (10216 turns).

Gwenloh the Grappler (Troll Fighter)               Turns: 10216, Time: 00:43:39

Health: -1/118     AC:  7    Str: 32    XL:     12   Next: 7%
Magic:  24/24      EV: 13    Int:  4    God:    Elyvilon [*****.]
Gold:   717        SH: 12    Dex: 13    Spells: 10/11 levels left

rFire    + . .     SeeInvis .     - Unarmed
rCold    + . .     Gourm    +   b - +1 shield
rNeg     + . .     Faith    +   y - +1 robe {rN+}
rPois    .         Spirit   .   (helmet restricted)
rElec    .         Reflect  .   k - scarf {rC+ rF+}
rCorr    .         Harm     .   (gloves unavailable)
MR       .....                  (boots unavailable)
Stlth    +.........             C - amulet of faith
HPRegen  0.69/turn              A - ring of magical power
MPRegen  0.19/turn              (no ring)

@: mighty
A: large, unfitting armour, claws 3, fast metabolism 3, gourmand, regeneration
1, shaggy fur 1, tough skin 3
a: Lesser Healing, Heal Other, Purification, Greater Healing, Divine Vigour,
Divine Protection, Renounce Religion


You were on level 4 of the Lair of Beasts.
You worshipped Elyvilon.
Elyvilon was extremely pleased with you.
You were very full.

You visited 3 branches of the dungeon, and saw 13 of its levels.

You collected 717 gold pieces.

Inventory:

Hand Weapons
 x - the +6 quarterstaff of Upsuz {drain, Str+4, unknown}
   (You found it on level 3 of the Lair of Beasts)

   A truly terrible weapon, it drains the life of those it strikes.
   It affects your strength (+4).
   Elyvilon disapproves of the use of such an item.
Missiles
 v - a throwing net (quivered)
Armour
 b - a +1 shield (worn)
 k - a scarf of resistance (worn)
 y - a +1 robe of positive energy (worn)
Jewellery
 A - a ring of magical power (left claw)
 B - an uncursed ring of magical power
 C - an amulet of faith (around neck)
 H - an uncursed amulet of regeneration {unknown}
Wands
 c - a wand of digging (9)
 g - a wand of iceblast (31)
 F - a wand of scattershot (4)
Scrolls
 e - 3 scrolls of fog
 f - a scroll of blinking
 i - 4 scrolls of teleportation
 j - 7 scrolls of magic mapping
 l - 5 scrolls of remove curse
 q - 4 scrolls of amnesia
 t - 3 scrolls of identify
 u - a scroll of enchant armour
 w - a scroll of fear
Potions
 a - 4 potions of invisibility
 h - 7 potions of curing
 m - 2 potions of haste {unknown}
 n - 5 potions of brilliance
 o - 2 potions of flight
 p - a potion of agility
 r - a potion of mutation
 s - a potion of heal wounds
 z - a potion of berserk rage
 E - a potion of magic {unknown}
 G - a potion of cancellation {unknown}
Comestibles
 d - 17 rations
 I - 4 chunks of flesh


   Skills:
 - Level 7.0 Fighting
 + Level 7.6 Dodging
 + Level 7.5 Shields
 + Level 11.7 Unarmed Combat
 + Level 2.1 Hexes
 + Level 6.0 Invocations


You had 10 spell levels left.
You knew the following spells:

 Your Spells              Type           Power        Failure   Level  Hunger
a - Confusing Touch       Hex            #.....       32%         1    ##.....

Your spell library contained the following spells:

 Spells                   Type           Power        Failure   Level  Hunger
 Animate Skeleton         Necr           N/A          58%         1    ##.....
 Apportation              Tloc           #.....       58%         1    ##.....
 Shock                    Conj/Air       #...         58%         1    ##.....
 Summon Small Mammal      Summ           #...         58%         1    ##.....
 Poisonous Vapours        Pois/Air       #.....       75%         2    ###....
 Swiftness                Chrm/Air       #.......     75%         2    ###....
 Conjure Flame            Conj/Fire      #.......     92%         3    ####...
 Mephitic Cloud           Conj/Pois/Air  #.......     92%         3    ####...
 Static Discharge         Conj/Air       #.......     92%         3    ####...
 Airstrike                Air            #.........   100%        4    #####..
 Lightning Bolt           Conj/Air       #.........   100%        5    ######.
 Freezing Cloud           Conj/Ice/Air   #.........   100%        6    #######
 Ring of Flames           Chrm/Fire      #.........   100%        7    #######


Dungeon Overview and Level Annotations

Branches:
Dungeon (8/15)             Temple (1/1) D:5            Lair (4/6) D:8
  Snake (0/4) Lair:3
  Swamp: Lair:2-4    Shoals: Lair:2-4

Altars:
Ashenzari
Cheibriados
Elyvilon
Fedhas
Gozag
Hepliaklqana
Makhleb
Nemelex Xobeh
Qazlal
Sif Muna
Uskayaw
Vehumet
Wu Jian
Xom
Yredelemnul
Zin
The Shining One
Lugonu

Shops:
D:4 (

Annotations:
Lair:2 exclusion: 2 oklob plants
Lair:4 1 transporter


Innate Abilities, Weirdness & Mutations

You are too large for most types of armour.
You have claws for hands.
Your metabolism is lightning-fast.
You like to eat raw meat.
Your natural rate of healing is unusually fast.
You are covered in fur. (AC +1)
You have extremely tough skin. (AC +3)


Message History

Hycrow's ghost is severely damaged.
You feel sick. The spiny frog stings you! You block Hycrow's ghost's attack.
You feel better. You block the spiny frog's attack. Hycrow's ghost hits you!!
* * * LOW HITPOINT WARNING * * *
You barely miss Hycrow's ghost.
Hycrow's ghost is severely damaged.
The spiny frog barely misses you.
You claw Hycrow's ghost!
Hycrow's ghost is severely damaged.
You block Hycrow's ghost's attack. The spiny frog barely misses you.
You scratch Hycrow's ghost.
Hycrow's ghost is severely damaged.
The spiny frog stings you!
* * * LOW HITPOINT WARNING * * *
Hycrow's ghost closely misses you.
You eviscerate Hycrow's ghost!!!
You destroy Hycrow's ghost!
Your Invocations skill increases to level 6!
The spiny frog stings you!!
You die...

# ..........#### #
..................### ##
.#.......#########...# ######.
#.......##......©##..###.##...
........#8.......8#..........P
........#$........#..........#
#.......#(........#.......♣♣♣.
#......©#=...@F...#©.....≈♣♣≈♣
#.......#$........#.....♣≈P≈≈♣
.#......#.........#....♣≈PP≈≈≈
##.....#8.......8#...$≈≈≈≈≈≈P
##<...##.......##...♣♣≈♣≈P♣≈
#.....#########...♣≈≈PP≈≈≈≈
#.#................♣≈P♣≈PP≈≈
...##......#..P#....≈♣≈≈≈≈≈≈≈
... ###.###.#####...♣♣≈P≈≈≈≈≈


You could see a spiny frog.

Vanquished Creatures
  The ghost of Hycrow the Brawler, a journeyman TrBe of Trog (Lair:4)
  Harold (D:7)
  3 black mambas
  6 spiny frogs
  3 komodo dragons
  A polar bear (Lair:3)
  12 blink frogs
  3 hippogriffs
  A wyvern (Lair:3)
  6 yaks (Lair:2)
  2 basilisks
  Eustachio (D:6)
  A hungry ghost (D:5)
  Edmund (D:6)
  8 water moccasins
  5 porcupines
  3 ice beasts
  A necrophage (D:8)
  2 sky beasts
  A black bear (D:8)
  2 ogres
  4 orc warriors
  2 phantoms
  A centaur (D:6)
  3 crocodiles
  A big kobold (D:8)
  6 bullfrogs
  A scorpion (D:7)
  3 wights (D:8)
  2 electric eels
  3 howler monkeys
  5 crimson imps
  A quasit (D:8)
  2 hounds
  10 orc wizards
  4 orc priests
  2 jellies
  2 centaur skeletons
  An iguana (D:6)
  Terence (D:3)
  7 worker ants
  2 hound skeletons (D:8)
  14 gnolls
  A howler monkey skeleton (D:4)
  11 adders
  4 river rats (D:5)
  4 shadow imps
  2 oozes
  3 adder skeletons
  2 worms
  3 dart slugs
  8 leopard geckos
  38 orcs
  A ball python (D:4)
  10 bats
  7 giant cockroaches
  11 goblins
  11 hobgoblins
  16 jackals
  5 quokkas
  6 frilled lizards
  A jackal skeleton (D:7)
  A jackal zombie (D:5)
  10 kobolds
  A leopard gecko zombie (D:8)
  5 rats
302 creatures vanquished.

Vanquished Creatures (others)
  A hydra (Lair:4)
  A dream sheep (Lair:4)
  A black bear (D:8)
  A crocodile (Lair:1)
  2 fungi (D:8)
  10 plants
16 creatures vanquished.

Grand Total: 318 creatures vanquished

Notes
Turn   | Place    | Note
-------+----------+-------------------------------------------
     0 | D:1      | Gwenloh the Troll Fighter began the quest for the Orb.
     0 | D:1      | Reached XP level 1. HP: 22/22 MP: 0/0
   108 | D:1      | Reached XP level 2. HP: 27/29 MP: 1/1
   479 | D:2      | Reached XP level 3. HP: 35/36 MP: 2/2
   792 | D:2      | Reached skill level 3 in Unarmed Combat
   814 | D:2      | Reached XP level 4. HP: 42/44 MP: 3/3
   887 | D:2      | Found a glowing golden altar of the Shining One.
   976 | D:2      | Found a faded altar of an unknown god.
  1159 | D:3      | Noticed Terence
  1284 | D:3      | Reached XP level 5. HP: 37/53 MP: 4/4
  1393 | D:3      | Found a hazy altar of Hepliaklqana.
  1450 | D:3      | Killed Terence
  1525 | D:3      | Reached skill level 4 in Unarmed Combat
  1963 | D:4      | Found a snail-covered altar of Cheibriados.
  2028 | D:4      | Reached XP level 6. HP: 54/61 MP: 5/5
  2107 | D:4      | Found Hide's Weapon Emporium.
  2280 | D:4      | Found a shattered altar of Ashenzari.
  2421 | D:4      | Found an ornate altar of the Wu Jian Council.
  2519 | D:5      | Entered Level 5 of the Dungeon
  2575 | D:5      | Found a deep blue altar of Sif Muna.
  2723 | D:5      | Reached skill level 5 in Unarmed Combat
  2733 | D:5      | Noticed a hungry ghost
  2772 | D:5      | Reached XP level 7. HP: 67/67 MP: 6/6
  3169 | D:5      | Killed a hungry ghost
  3169 | D:5      | Reached skill level 6 in Unarmed Combat
  3249 | D:5      | Reached XP level 8. HP: 50/78 MP: 7/7
  3344 | D:5      | Found a staircase to the Ecumenical Temple.
  3369 | Temple   | Entered the Ecumenical Temple
  3407 | Temple   | Became a worshipper of Elyvilon the Healer
  3831 | D:6      | Found a radiant altar of Vehumet.
  3833 | D:6      | Noticed Eustachio
  3876 | D:6      | Killed Eustachio
  3876 | D:6      | Reached skill level 7 in Unarmed Combat
  3932 | D:6      | Reached * piety under Elyvilon
  3936 | D:6      | Noticed Edmund
  3950 | D:6      | Killed Edmund
  4282 | D:6      | Reached skill level 5 in Fighting
  4336 | D:6      | Reached XP level 9. HP: 86/88 MP: 8/8
  4360 | D:6      | Reached skill level 5 in Dodging
  4360 | D:6      | Reached skill level 5 in Shields
  4804 | D:7      | Reached skill level 8 in Unarmed Combat
  4852 | D:7      | Noticed Harold
  4872 | D:7      | Killed Harold
  4872 | D:7      | Reached skill level 1 in Invocations
  4928 | D:7      | Reached ** piety under Elyvilon
  4988 | D:7      | Found a burning altar of Makhleb.
  4989 | D:7      | Found a shimmering altar of Xom.
  5051 | D:7      | Found an opulent altar of Gozag.
  5374 | D:7      | Reached skill level 9 in Unarmed Combat
  5519 | D:8      | Reached XP level 10. HP: 98/98 MP: 9/11
  5844 | D:8      | Found a staircase to the Lair.
  6069 | D:8      | Found a stormy altar of Qazlal.
  6148 | D:8      | Reached *** piety under Elyvilon
  6428 | Lair:1   | Entered Level 1 of the Lair of Beasts
  6428 | Lair:1   | Noticed an eight-headed hydra
  6430 | Lair:1   | Pacified an eight-headed hydra
  6451 | Lair:1   | Noticed an eight-headed hydra
  6453 | Lair:1   | Pacified an eight-headed hydra
  6476 | Lair:1   | Noticed a spiny frog
  6507 | Lair:1   | Killed a spiny frog
  6661 | Lair:1   | Noticed a spiny frog
  6669 | Lair:1   | Killed a spiny frog
  6669 | Lair:1   | Reached skill level 10 in Unarmed Combat
  6693 | Lair:1   | Noticed a black mamba
  6705 | Lair:1   | Killed a black mamba
  6854 | Lair:1   | Noticed a five-headed hydra
  6858 | Lair:1   | Pacified a five-headed hydra
  7609 | Lair:2   | Reached XP level 11. HP: 40/107 MP: 13/13
  8131 | Lair:2   | Reached skill level 11 in Unarmed Combat
  8194 | Lair:2   | Reached **** piety under Elyvilon
  8542 | Lair:2   | Reached skill level 5 in Invocations
  8612 | Lair:2   | Noticed an oklob plant
  8612 | Lair:2   | Noticed an oklob plant
  8980 | Lair:3   | Learned a level 1 spell: Confusing Touch
  9049 | Lair:3   | Found a staircase to the Snake Pit.
  9059 | Lair:3   | Got a bloodstained quarterstaff
  9299 | Lair:3   | Reached skill level 1 in Hexes
  9387 | Lair:3   | Reached ***** piety under Elyvilon
 10156 | Lair:4   | Found a transporter.
 10159 | Lair:4   | Found a transporter.
 10159 | Lair:4   | Noticed Hycrow's ghost (journeyman TrBe)
 10160 | Lair:4   | Noticed a seven-headed hydra
 10202 | Lair:4   | Pacified a seven-headed hydra
 10202 | Lair:4   | Reached XP level 12. HP: 118/118 MP: 15/15
 10204 | Lair:4   | Killed a seven-headed hydra
 10216 | Lair:4   | Killed Hycrow's ghost
 10216 | Lair:4   | Slain by a spiny frog

Skill      XL: |  1  2  3  4  5  6  7  8  9 10 11 12 |
---------------+-------------------------------------+-----
Unarmed Combat | 3 4 5 6 7 9 10 11 | 11.7
Fighting       | 3 4 5 6 7 |  7.0
Dodging        | 3 4 5 6 7 |  7.6
Shields        | 3 4 5 6 7 |  7.5
Invocations    | 2 4 5 6 |  6.0
Hexes          | 2 |  2.1

Action                   |  1- 3 |  4- 6 |  7- 9 | 10-12 || total
-------------------------+-------+-------+-------+-------++-------
Melee: Unarmed           |   120 |   297 |   311 |   420 ||  1148
Invok: Heal Other        |       |       |     2 |     7 ||     9
       Lesser Healing    |       |       |       |     1 ||     1
       Greater Healing   |       |       |       |     1 ||     1
  Use: Scroll            |       |     9 |       |     9 ||    18
       Potion            |       |       |     1 |     4 ||     5
 Stab: Sleeping          |       |     1 |       |       ||     1
  Eat: Chunk             |    13 |    19 |    33 |    46 ||   111
Armor: Robe              |    49 |    91 |    89 |    60 ||   289
Dodge: Dodged            |    48 |   102 |   106 |   128 ||   384
Block: Shield            |    58 |   123 |   144 |   183 ||   508
